 Dungeon Crawl Stone Soup version 0.29.1-13-g9f3cf754e1 (webtiles) character file.

Game seed: 8178422617540244776

139 Thatpatchoflichen the Cutter (level 5, -13/34 HPs)
             Began as a Kobold Monk on Jan 19, 2023.
             Was a Follower of Ru.
             Mangled by an orc warrior
             ... wielding a +2 battleaxe of flaming
              (16 damage)
             ... on level 4 of the Dungeon.
             The game lasted 00:09:33 (2594 turns).

Thatpatchoflichen the Cutter (Kobold Monk)          Turns: 2594, Time: 00:09:33

Health: -13/34     AC:  6    Str:  9    XL:     5   Next: 46%
Magic:  5/5        EV: 14    Int: 11    God:    Ru [*.....]
Gold:   147        SH:  0    Dex: 19    Spells: 4/4 levels left

rFire   . . .      SeeInvis .   f - +3 dagger (speed)
rCold   . . .      Faith    .   (no shield)
rNeg    . . .      Spirit   .   j - +0 ring mail
rPois   .          Reflect  .   (no helmet)
rElec   .          Harm     .   (no cloak)
rCorr   .          Rampage  .   w - +0 pair of gloves
Will    .....                   (no boots)
Stlth   +++.......              (no amulet)
HPRegen 0.11/turn               (no ring)
MPRegen 0.09/turn               (no ring)

@: no status effects
A: small, no large weapons, nightstalker 3, inability to train armour
a: Renounce Religion


You were on level 4 of the Dungeon.
You worshipped Ru.
Ru was aware of your devotion.
You visited 1 branch of the dungeon, and saw 4 of its levels.

You collected 147 gold pieces.

Inventory:

Hand Weapons
 a - a +0 short sword
 e - a +0 rapier
 f - a +3 dagger of speed (weapon)
 h - a +1 dagger of venom
Missiles
 l - 12 poisoned darts (quivered)
Armour
 b - a +0 robe
 j - a +0 ring mail (worn)
 w - a +0 pair of gloves (worn)
Jewellery
 t - a +4 ring of evasion
Wands
 u - a wand of digging (1)
Scrolls
 d - 3 scrolls of amnesia {unknown}
 g - 3 scrolls of poison {unknown}
 i - a scroll of teleportation {unknown}
 m - a scroll of immolation {unknown}
 n - 3 scrolls of identify {unknown}
 o - a scroll of brand weapon {unknown}
 r - a scroll of noise {unknown}
Potions
 c - a potion of ambrosia
 k - a potion of lignification {unknown}
 p - a potion of berserk rage {unknown}
 q - a potion of attraction {unknown}
 s - a potion of flight {unknown}
 v - a potion of curing {unknown}


   Skills:
 + Level 4.4 Fighting
 + Level 5.4 Short Blades
 + Level 4.9 Dodging
 - Level 3.0 Stealth


You had 4 spell levels left.
You didn't know any spells.
Your spell library was empty.

Dungeon Overview and Level Annotations

Branches:
Dungeon (4/15)
 Temple: D:4-7

Altars:
Cheibriados
Ru

Shops:
D:1 :   D:3 :


Innate Abilities, Weirdness & Mutations

You are small and have problems with some larger weapons.
You are completely attuned to the shadows.
You cannot train Armour skill.


Message History

You open the door.
There is an open door here.
You open the door.
An orc comes into view. It is wielding a +0 dagger.
There is an open door here.
An orc warrior and an orc come into view.
The orc warrior is wielding a +2 battleaxe of flaming.
Found 8 stones.
An orc priest comes into view. It is wielding a +0 dagger of venom.
The orc shouts! x2; The orc warrior shouts!
The orc closely misses you.
You see here a staff of fire.
The orc closely misses you.
The orc priest calls down the wrath of Beogh upon you.
Beogh smites you!
Unknown command.
The orc warrior attacks as you move away!
The orc warrior barely misses you. The orc hits you but does no damage.
You see here a staff of fire.
The orc warrior attacks as you move away!
The orc warrior misses you.
The orc throws a boomerang.
The boomerang barely misses you.
There is an open door here.
The orc attacks as you move away! The orc barely misses you.
The orc warrior attacks as you move away!
The orc warrior misses you.
The orc warrior attacks as you move away!
The orc warrior hits you with a +2 battleaxe of flaming.
The orc warrior burns you.
The orc warrior attacks as you move away!
The orc warrior hits you but does no damage.
The orc warrior attacks as you move away!
The orc warrior hits you with a +2 battleaxe of flaming!
* * * LOW HITPOINT WARNING * * *
The orc warrior burns you.
* * * LOW HITPOINT WARNING * * *
You hit the orc warrior but do no damage.
You barely miss the orc warrior.
The orc warrior hits you with a +2 battleaxe of flaming!
You die...

########### #.........#
#.........# #...####'#######
#..(#.......#..#
#.o##.....o.##.#############
#..'....o.o@.'....##.......#
#...##.........##....#.......#
...#+#.#...........#..#.........#
.....#####.......###..###.......#
.......#.#'#...#'#.#^..##.......#
......##...#####...##..#####.####
....†.'......#....).+...##...#
.....##......#....).##.....######
.....#.......#.......#..#.......#


You could see an orc warrior and 2 orcs.

Vanquished Creatures
  A hound (D:4)
  An iguana (D:4)
  3 adders
  A dart slug (D:3)
  3 orcs (D:4)
  4 endoplasms
  2 giant cockroaches (D:3)
  5 hobgoblins
  4 jackals (D:1)
  3 quokkas
  6 ball pythons
  4 bats
  3 frilled lizards
  7 kobolds
  4 rats
51 creatures vanquished.

Notes
Turn   | Place    | Note
-------+----------+-------------------------------------------
     0 | D:1      | Thatpatchoflichen the Kobold Monk began the quest for the
                  | Orb.
     0 | D:1      | Reached XP level 1. HP: 14/14 MP: 1/1
   291 | D:2      | Reached XP level 2. HP: 19/19 MP: 2/2
   390 | D:1      | Found Ynnuu's Book Shop.
   677 | D:1      | Reached XP level 3. HP: 23/23 MP: 3/3
   914 | D:1      | Found a faded altar of an unknown god.
  1491 | D:3      | Found Duiwkis's Vocational Training.
  1563 | D:3      | Reached XP level 4. HP: 29/29 MP: 4/4
  1564 | D:3      | Found a snail-covered altar of Cheibriados.
  1634 | D:3      | Reached skill level 5 in Short Blades
  2242 | D:4      | Reached XP level 5. HP: 33/33 MP: 5/5
  2256 | D:4      | Found a sacrificial altar of Ru.
  2262 | D:4      | Became a worshipper of Ru the Awakened
  2272 | D:4      | Gained mutation: You cannot train Armour skill. [Ru
                  | sacrifice]
  2272 | D:4      | Reached * piety under Ru
  2579 | D:4      | Noticed an orc warrior
  2594 | D:4      | Mangled by an orc warrior

Illustrated notes

Levels and vault maps discovered:
D:1:      onia_arrival_handbag, layout_rooms,
          shapermc_ecumenical_altar_starsandcircs, serial_shops, shop
D:2:      layout_rooms
D:3:      layout_basic, kennysheep_slug_shrine, chequers_serial_rivers_small_3,
          nicolae_shop_vocational
D:4:      nicolae_cairo_tiling_very_big, layout_rooms, nicolae_ru_path_of_blood,
          uniq_duvessa, uniq_edmund

Skill      XL: |  1  2  3  4 |
---------------+-------------+-----
Stealth        | 3 |  3.0
Dodging        | 4 |  4.9
Fighting       | 4 |  4.4
Short Blades   | 5 |  5.4

Action                   |  1- 3 |  4- 6 || total
-------------------------+-------+-------++-------
Melee: Short sword       |     7 |       ||     7
       Dagger            |    73 |    37 ||   110
Invok: Sacrifice Durabil |       |     1 ||     1
 Stab: Sleeping          |    13 |     8 ||    21
Armor: Robe              |     3 |       ||     3
       Ring mail         |     7 |     6 ||    13
Dodge: Dodged            |    36 |    14 ||    50
